AoeStats
← sfikru03

Arena

506347313Analyzed
1v1 RM · 20d ago on Sep 13, 2026· 51m 0s· 2 players
Game mode
Random Map
Map size
Tiny (2 player)
Population
200
Speed
Normal
Resources
Standard
Victory
Conquest
Starting age
Dark Age
Ending age
Imperial Age
RankedLock teamsTeams togetherTeam positionsShared explorationLock speedFull tech treeHidden civsTurbo modeCheats
Victory
Defeat
🇹🇷 Franks · Türkiye
600
+26
🇪🇹 Mongols · Ethiopia
602
-32
Tüpçü Fikret
10:24 Feudal Age
18:04 Double-Bit Axe
23:14 Castle Age
22:06 Scale Barding Armor
22:46 Forging
22:46 Gold Mining
22:47 Stone Mining
23:07 Stone Mining
25:13 Husbandry
26:56 Bow Saw
29:49 Gold Shaft Mining
31:12 Pikeman
31:53 Squires
34:26 Chain Barding Armor
38:48 Imperial Age
38:34 Iron Casting
39:17 Wheelbarrow
38:32 Town Watch
38:35 Loom
39:36 Chivalry
41:34 Blast Furnace
41:10 Plate Barding Armor
40:00 Cavalier
41:00 Hand Cart
43:25 Town Patrol
43:00 Paladin
43:27 Halberdier
sfikru03
15:58 Feudal Age
18:34 Wheelbarrow
17:49 Double-Bit Axe
17:49 Horse Collar
20:49 Castle Age
24:12 Husbandry
35:02 Imperial Age
34:18 Man-at-Arms
37:41 Elite Mangudai
38:52 Long Swordsman
38:58 Pikeman
39:39 Squires
40:51 Cavalier
41:49 Scale Barding Armor
41:45 Padded Archer Armor
41:37 Fletching
41:57 Forging
41:51 Scale Mail Armor
41:21 Two-Handed Swordsman
47:48 Wheelbarrow
47:27 Bow Saw
47:22 Heavy Plow
46:46 Champion
Connection lost

Rejoining the realm…

Still unreachable

The connection could not be restored.

Session expired

The server has moved on; the page needs a fresh start.